 Dungeon Crawl Stone Soup version 0.25-a0-592-g443c2f7 (webtiles) character file.

Game seed: 1278888388745228816, levelgen mode: deterministic

123 Scoots the Shield-Bearer (level 5, 0/42 HPs)
             Began as a Formicid Fighter on Mar 14, 2020.
             Succumbed to a scorpion's poison
             ... on level 4 of the Dungeon.
             The game lasted 00:08:07 (1904 turns).

Scoots the Shield-Bearer (Formicid Fighter)         Turns: 1904, Time: 00:08:08

Health: 0/42       AC:  7    Str: 22    XL:     5   Next: 29%
Magic:  5/5        EV:  8    Int:  7    God:
Gold:   110        SH: 10    Dex: 10    Spells: 4/4 levels left

rFire    . . .     SeeInvis +   n - +3 flail (vorpal)
rCold    + . .     Gourm    .   c - +0 kite shield
rNeg     . . .     Faith    .   b - +0 scale mail
rPois    .         Spirit   .   (helmet unavailable)
rElec    .         Reflect  .   (no cloak)
rCorr    .         Harm     .   (no gloves)
MR       .....                  (no boots)
Stlth    ..........             (no amulet)
HPRegen  0.14/turn              e - ring of protection from cold
MPRegen  0.09/turn              (no ring)

@: lethally poisoned (0 -> -11)
A: permanent stasis, dig shafts and tunnels, four strong arms, antennae 3
a: Dig, Shaft Self


You were on level 4 of the Dungeon.
You were very hungry.

You visited 1 branch of the dungeon, and saw 4 of its levels.

You collected 110 gold pieces.

Inventory:

Hand Weapons
 a - a +0 long sword
 n - a +3 vorpal flail (weapon)
Armour
 b - a +0 scale mail (worn)
 c - a +0 kite shield (worn)
Jewellery
 e - a ring of protection from cold (left hand)
Scrolls
 g - a scroll of blinking
 h - a scroll of remove curse
Potions
 d - 2 potions of might
Comestibles
 f - 5 rations
 p - 2 chunks of flesh


   Skills:
 + Level 3.7 Fighting
 + Level 2.7 Long Blades
 + Level 1.3 Maces & Flails
 + Level 3.9 Armour
 + Level 0.4 Dodging
 + Level 4.9 Shields


You had 4 spell levels left.
You didn't know any spells.
Your spell library was empty.

Dungeon Overview and Level Annotations

Branches:
Dungeon (4/15)
 Temple: D:4-7

Altars:

Annotations:
D:3 Natasha


Innate Abilities, Weirdness & Mutations

You cannot be hasted, slowed, berserked, paralysed or teleported.
You can dig through walls and to a lower floor.
Your four strong arms can wield two-handed weapons with a shield.
You have a pair of large antennae on your head. (SInv)


Message History

You hit the scorpion but do no damage.
The scorpion is moderately wounded.
You feel sick. The scorpion stings you.
* * * LOW HITPOINT WARNING * * *
You closely miss the scorpion.
The scorpion is moderately wounded.
You feel sick. The scorpion stings you.
* * * LOW HITPOINT WARNING * * *
You are more poisoned.
The scorpion poisons you! You block the scorpion's attack.
* * * LOW HITPOINT WARNING * * *
You feel sick.
The scorpion stings you but does no damage.
* * * LOW HITPOINT WARNING * * *
You feel sick.
* * * LOW HITPOINT WARNING * * *
You feel sick.
Okay, then.
Okay, then.
You die...

#.........#
##.....#'### .......#.#
(....###.# .....###'##
.# ....##....# #.#
###.##....# #.#
#.##....# #.# #@##.####
#.###.#.## . #.....##
.. #...s##
...####.....# {
..o.........#
..#.#.#.#.#.# {
.#.#.#.#.#..##
#.#.#.#.#.#..##########
{


You could see a scorpion.

Vanquished Creatures
  4 adders
  An ooze (D:3)
  5 worms
  3 dart slugs
  2 leopard geckos (D:1)
  2 orcs
  8 bats
  2 giant cockroaches
  5 goblins
  7 hobgoblins
  A quokka (D:3)
  7 frilled lizards
  7 kobolds
  12 rats
  A plant (D:1)
67 creatures vanquished.

Notes
Turn   | Place    | Note
-------+----------+-------------------------------------------
     0 | D:1      | Scoots the Formicid Fighter began the quest for the Orb.
     0 | D:1      | Reached XP level 1. HP: 18/18 MP: 1/1
    40 | D:1      | Reached XP level 2. HP: 10/24 MP: 2/2
   348 | D:1      | Reached skill level 4 in Shields
   406 | D:1      | Reached XP level 3. HP: 29/29 MP: 3/3
  1171 | D:2      | Reached XP level 4. HP: 25/36 MP: 4/4
  1624 | D:3      | Reached skill level 1 in Maces & Flails
  1651 | D:3      | Noticed Natasha
  1732 | D:4      | Reached XP level 5. HP: 6/42 MP: 5/5
  1902 | D:4      | HP: 2/42 [poisoned by a scorpion]
  1904 | D:4      | Succumbed to a scorpion's poison

Levels and vault maps discovered:
D:1:      minmay_arrival_radiant_lines, layout_loops_ring,
          serial_bayou_lagoon_a, hangedman_decor_peaks_small
D:2:      layout_rooms
D:3:      layout_loops_cross, lemuel_round_altar, minmay_misc_feat_four_crosses,
          uniq_natasha
D:4:      layout_basic, ebering_ghost_gozag, enter_ossuary_5, minivault_24,
          kennysheep_pointless_box

Skill      XL: |  1  2  3  4 |
---------------+-------------+-----
Shields        | 4 |  4.9
Maces & Flails | 1 |  1.3
Fighting       | |  3.7
Long Blades    | |  2.7
Armour         | |  3.9
Dodging        | |  0.4

Action                   |  1- 3 |  4- 6 || total
-------------------------+-------+-------++-------
Melee: Long sword        |   177 |       ||   177
       Flail             |    11 |   101 ||   112
 Abil: Dig               |       |     4 ||     4
  Use: Scroll            |       |     6 ||     6
       Potion            |       |     5 ||     5
  Eat: Chunk             |       |     3 ||     3
Armor: Scale mail        |    52 |    27 ||    79
       Skin              |       |    28 ||    28
Dodge: Dodged            |    44 |    31 ||    75
Block: Kite shield       |    85 |    66 ||   151
       Rpst.: Long sword |    12 |       ||    12

Table legend:
 A = Non-vault XP
 B = Vault XP
 C = Vault XP percentage of total XP
 D = Non-vault monster count
 E = Vault monster count
 F = Vault count percentage of total count
                 A         B        C        D         E       F
            +---------+---------+-------+---------+---------+-------
      Total |     177 |       0 |   0.0 |      66 |       0 |   0.0
            +---------+---------+-------+---------+---------+-------
        D:1 |      53 |       0 |   0.0 |      31 |       0 |   0.0
        D:2 |      39 |       0 |   0.0 |      19 |       0 |   0.0
        D:3 |      40 |       0 |   0.0 |      11 |       0 |   0.0
        D:4 |      45 |       0 |   0.0 |       5 |       0 |   0.0
            +---------+---------+-------+---------+---------+-------
